 Dungeon Crawl Stone Soup version 0.25-a0-665-ga69d64035b (webtiles) character file.

Game seed: 5869152577979139689, levelgen mode: deterministic

1309 anasthmaticant the Grappler (level 8, -1/75 HPs)
             Began as a Troll Monk on Jan 20, 2020.
             Slain by an adder (3 damage)
             ... on level 6 of the Dungeon on Mar 27, 2020.
             The game lasted 00:22:46 (4129 turns).

anasthmaticant the Grappler (Troll Monk)            Turns: 4129, Time: 00:22:47

Health: -1/75      AC:  8    Str: 22    XL:     8   Next: 32%
Magic:  7/7        EV: 11    Int:  6    God:
Gold:   144        SH:  2    Dex: 12    Spells: 7/7 levels left

rFire    . . .     SeeInvis .     - Unarmed
rCold    . . .     Gourm    +   (no shield)
rNeg     . . .     Faith    .   c - +0 troll leather armour {Purgy}
rPois    +         Spirit   .   (helmet restricted)
rElec    .         Reflect  +   w - scarf {repulsion}
rCorr    .         Harm     .   (gloves unavailable)
MR       +....                  (boots unavailable)
Stlth    +.........             o - +2 amulet of reflection
HPRegen  1.02/turn              l - ring of poison resistance
MPRegen  0.10/turn              k - ring of protection from magic

@: repel missiles
A: large, unfitting armour, claws 3, fast metabolism 3, gourmand, regeneration
1, shaggy fur 1, tough skin 3
a: no special abilities


You were on level 6 of the Dungeon.
You were very hungry.

You visited 1 branch of the dungeon, and saw 6 of its levels.

You collected 144 gold pieces.

Inventory:

Hand Weapons
 m - a +3 trident of flaming
 t - a +1 flail of protection
Armour
 a - a +0 robe
 c - a +0 troll leather armour (worn) {Purgy}
 w - a scarf of repulsion (worn)
Jewellery
 d - an uncursed amulet of guardian spirit
 k - a ring of protection from magic (right claw)
 l - a ring of poison resistance (left claw)
 o - a +2 amulet of reflection (around neck)
 p - an uncursed amulet of rage {unknown}
Wands
 q - a wand of polymorph (17)
 r - a wand of random effects (22)
 s - a wand of paralysis (9)
Scrolls
 f - 4 scrolls of remove curse
 g - a scroll of identify
 h - 3 scrolls of enchant weapon {unknown}
 i - a scroll of immolation {unknown}
 n - a scroll of teleportation {unknown}
 u - a scroll of enchant armour {unknown}
 v - 2 scrolls of amnesia {unknown}
 x - a scroll of blinking {unknown}
Potions
 e - 2 potions of flight {unknown}
 j - 3 potions of ambrosia {unknown}
 z - a potion of heal wounds {unknown}
Comestibles
 b - 7 rations


   Skills:
 * Level 3.5 Fighting
 + Level 2.0 Armour
 * Level 3.8 Dodging
 - Level 1.0 Stealth
 + Level 9.1 Unarmed Combat


You had 7 spell levels left.
You didn't know any spells.
Your spell library was empty.

Dungeon Overview and Level Annotations

Branches:
Dungeon (6/15)
 Temple: D:4-7

Altars:
Ashenzari
Cheibriados
Elyvilon
Kikubaaqudgha
Trog
Wu Jian


Innate Abilities, Weirdness & Mutations

You are too large for most types of armour.
You have claws for hands.
Your metabolism is lightning-fast.
You like to eat raw meat.
Your natural rate of healing is unusually fast.
You are covered in fur. (AC +1)
You have extremely tough skin. (AC +3)


Message History

The adder barely misses you. You block the bullfrog's attack.
The bullfrog hits you but does no damage.
The adder bites you but does no damage. The bullfrog barely misses you.
The adder bites you.
* * * LOW HITPOINT WARNING * * *
The bullfrog completely misses you. The adder closely misses you.
The bullfrog hits you but does no damage.
The adder misses you.
The bullfrog hits you but does no damage.
The adder misses you. The bullfrog closely misses you. The adder bites you.
* * * LOW HITPOINT WARNING * * *
The bullfrog closely misses you. The bullfrog hits you.
* * * LOW HITPOINT WARNING * * *
The adder closely misses you. The bullfrog hits you!
* * * LOW HITPOINT WARNING * * *
The adder bites you.
You die... # ...########.... .....OF@Sla.... $..########.##.

You could see an ogre, a bullfrog, a worker ant, an adder and a leopard gecko.

Vanquished Creatures
  Sigmund (D:2)
  Edmund (D:5)
  Purgy (D:3)
  A sky beast (D:5)
  A centaur (D:5)
  A gnoll sergeant (D:3)
  A howler monkey (D:4)
  A crimson imp (D:5)
  2 gnoll shamans (D:3)
  An iguana (D:4)
  3 worker ants (D:4)
  A hound skeleton (D:4)
  29 gnolls (D:3)
  5 adders
  An adder skeleton (D:4)
  3 worms
  3 dart slugs
  3 leopard geckos
  7 orcs
  9 bats
  4 giant cockroaches
  10 goblins
  7 hobgoblins
  18 jackals (D:3)
  10 kobolds
  2 quokkas (D:2)
  A ball python (D:1)
  3 frilled lizards
  A jackal skeleton (D:4)
  7 rats
  A plant (D:3)
139 creatures vanquished.

Notes
Turn   | Place    | Note
-------+----------+-------------------------------------------
     0 | D:1      | anasthmaticant the Troll Monk began the quest for the Orb.
     0 | D:1      | Reached XP level 1. HP: 22/22 MP: 0/0
    97 | D:1      | Reached XP level 2. HP: 26/29 MP: 1/1
   437 | D:1      | Reached XP level 3. HP: 36/36 MP: 2/2
  1024 | D:2      | Reached skill level 4 in Unarmed Combat
  1057 | D:2      | Noticed Sigmund
  1110 | D:2      | Killed Sigmund
  1110 | D:2      | Reached skill level 5 in Unarmed Combat
  1110 | D:2      | Reached XP level 4. HP: 20/44 MP: 3/3
  1110 | D:2      | Reached XP level 5. HP: 24/52 MP: 4/4
  1324 | D:2      | Found a bloodstained altar of Trog.
  1731 | D:3      | Reached skill level 6 in Unarmed Combat
  1754 | D:3      | Noticed Purgy
  1764 | D:3      | Killed Purgy
  1764 | D:3      | Reached XP level 6. HP: 53/59 MP: 5/5
  2209 | D:3      | Reached skill level 7 in Unarmed Combat
  2228 | D:3      | Reached XP level 7. HP: 29/67 MP: 2/6
  2378 | D:3      | Reached skill level 1 in Armour
  2508 | D:3      | Reached skill level 8 in Unarmed Combat
  2789 | D:4      | Found a white marble altar of Elyvilon.
  3300 | D:5      | Entered Level 5 of the Dungeon
  3332 | D:5      | Found an ancient bone altar of Kikubaaqudgha.
  3417 | D:5      | Reached XP level 8. HP: 75/75 MP: 7/7
  3438 | D:5      | Noticed Edmund
  3449 | D:5      | Killed Edmund
  3567 | D:5      | Reached skill level 9 in Unarmed Combat
  3880 | D:5      | Found a shattered altar of Ashenzari.
  3892 | D:5      | Upgraded the game from 0.25-a0-424-g80bd347ae0 to
                  | 0.25-a0-665-ga69d64035b
  3902 | D:5      | Found an ornate altar of the Wu Jian Council.
  3962 | D:5      | Found a snail-covered altar of Cheibriados.
  4128 | D:6      | HP: 1/75 [bullfrog (8)]
  4129 | D:6      | Slain by an adder

Levels and vault maps discovered:
D:1:      dpeg_arrival_simpleton_b, layout_basic, minivault_19, feat_on_display
D:2:      layout_loops_ring, bloody_trog, uniq_sigmund
D:3:      lemuel_castle_with_subvaults [lemuel_castle_interior_carwin_2],
          layout_rooms, minmay_misc_feat_rows, uniq_purgy
D:4:      layout_loops_ring, lemuel_round_altar
D:5:      layout_loops_ring, minmay_overflow_temple_star_quad, first_ration,
          basic_altar, uniq_edmund
D:6:      layout_loops_corners, nicolae_ru_great_annihilating_truth,
          uniq_prince_ribbit1

Skill      XL: |  1  2  3  4  5  6  7  8 |
---------------+-------------------------+-----
Unarmed Combat | 5 6 7 8 9 |  9.1
Dodging        | 3 |  3.8
Fighting       | 3 |  3.5
Armour         | 1 2 |  2.0
Stealth        | |  1.0

Action                   |  1- 3 |  4- 6 |  7- 9 || total
-------------------------+-------+-------+-------++-------
Melee: Unarmed           |    81 |   138 |   146 ||   365
       Punch             |     1 |     4 |     6 ||    11
  Use: Scroll            |       |     3 |     2 ||     5
 Stab: Sleeping          |     4 |     2 |     1 ||     7
       Distracted        |       |       |     1 ||     1
  Eat: Chunk             |     5 |    13 |     9 ||    27
       Ration            |     1 |     1 |       ||     2
Armor: Robe              |    23 |    25 |       ||    48
       Troll leather arm |       |    35 |   110 ||   145
Dodge: Dodged            |    32 |    89 |   160 ||   281
Block: Other             |       |       |    14 ||    14

Table legend:
 A = Non-vault XP
 B = Vault XP
 C = Vault XP percentage of total XP
 D = Non-vault monster count
 E = Vault monster count
 F = Vault count percentage of total count
                 A         B        C        D         E       F
            +---------+---------+-------+---------+---------+-------
      Total |     727 |    1143 |  61.1 |      85 |      53 |  38.4
            +---------+---------+-------+---------+---------+-------
        D:1 |      49 |       0 |   0.0 |      29 |       0 |   0.0
        D:2 |      53 |     220 |  80.6 |      19 |       1 |   5.0
        D:3 |      65 |     757 |  92.1 |      18 |      51 |  73.9
        D:4 |     259 |       0 |   0.0 |      13 |       0 |   0.0
        D:5 |     301 |     166 |  35.5 |       6 |       1 |  14.3
            +---------+---------+-------+---------+---------+-------
